Map: Dreamcatcher LE

Players

MaSa

  • Race: Terran Terran
  • Spawn Location: 11:00

Lambo - Winner!

  • Race: Zerg Zerg
  • Spawn Location: 5:00

Event: WCS Austin 2018

VOD

Have the link to the VOD?

Description

Time

  • Played on: June 1, 2018, 9:44 p.m.
  • Length: 10:49

All games in this series

Show
View Real Time Build Order
Export as new Build Order

MaSa Terran 

Build Orders: Reaper Expand, Hellion Banshee 

Get SALT Encoding   

  12  0:00  SCV  
  13  0:12  SCV  
  14  0:17  Supply Depot  
  14  0:24  SCV  
  15  0:38  SCV  
  15  0:41  Barracks  
  16  0:44  Refinery  
  16  0:50  SCV  
  17  1:02  SCV  
  18  1:15  SCV  
  19  1:28  Orbital Command, Reaper  
  20  1:42  Command Center  
  20  1:50  Supply Depot  
  20  1:54  SCV  
  21  1:59  Marine  
  22  2:06  SCV  
  23  2:10  Factory  
  23  2:16  Refinery  
  23  2:18  SCV  
  23  2:22  Barracks Reactor  
  24  2:30  SCV  
  25  2:42  SCV  
  26  2:58  SCV  
  26  3:02  Starport  
  26  3:06  Hellion x2  
  26  3:08  Marine  
  26  3:10  SCV  
  26  3:12  Orbital Command  
  32  3:22  SCV  
  32  3:26  Marine  
  34  3:28  Hellion x2  
  38  3:35  Supply Depot  
  38  3:36  SCV  
  38  3:41  Medivac  
  41  3:50  Armory  
  41  3:51  SCV  
  41  3:55  SCV  
  43  3:56  Barracks Tech Lab  
  43  4:01  Supply Depot  
  43  4:04  Hellion  
  43  4:05  SCV  
  43  4:08  SCV  
  47  4:11  Hellion  
  49  4:18  SCV  
  49  4:20  SCV  
  51  4:25  Supply Depot  
  51  4:26  Cloaking Field  
  51  4:30  Banshee, SCV  
  55  4:32  SCV  
  55  4:36  Hellion  
  58  4:42  SCV  
  59  4:50  SCV  
  60  4:54  SCV  
  60  4:56  Command Center  
  61  5:02  SCV  
  61  5:04  Refinery  
  61  5:06  Refinery, SCV  
  63  5:14  SCV  
  63  5:18  Banshee, SCV  
  63  5:19  Hellion  
  68  5:26  SCV  
  69  5:29  Supply Depot  
  69  5:30  SCV  
  69  5:32  Hellion  
  69  5:38  SCV  
  69  5:42  SCV  
  49  5:50  SCV  
  49  5:54  SCV  
  46  6:01  Banshee  
  46  6:02  SCV  
  47  6:06  SCV  
  44  6:12  Terran Vehicle Weapons Level 1  
  44  6:15  SCV  
  44  6:17  Barracks Reactor  
  44  6:19  SCV  
  44  6:24  Factory  
  45  6:26  Factory  
  45  6:27  SCV  
  45  6:28  Armory  
  45  6:31  SCV  
  44  6:33  Hellion  
  44  6:34  Hellion  
  44  6:37  Orbital Command  
  44  6:39  SCV  
  49  6:43  SCV  
  50  6:51  SCV  
  50  6:53  Starport Reactor  
  51  6:55  Engineering Bay, Hellion x2, SCV  
  56  7:03  SCV  
  56  7:04  SCV  
  56  7:07  SCV  
  59  7:15  SCV  
  58  7:16  Hellion  
  58  7:17  SCV  
  58  7:19  SCV  
  62  7:23  Hellion  
  62  7:24  Thor  
  62  7:27  SCV  
  62  7:28  Terran Vehicle And Ship Armor Level 1  
  70  7:31  Medivac, Factory Tech Lab  
  70  7:32  Orbital Command, Medivac  
  70  7:35  SCV  
  74  7:38  Hellion  
  74  7:40  SCV  
  74  7:42  Supply Depot  
  77  7:44  Hellion  
  77  7:48  SCV  
  80  7:53  SCV  
  80  7:54  Thor  
  87  7:59  Hellion, SCV  
  87  8:00  SCV  
  91  8:06  Hellion  
  91  8:07  SCV  
  91  8:11  SCV  
  91  8:12  SCV  
  91  8:20  Hellion  
  91  8:22  Refinery  
  88  8:27  Hellion  
  88  8:29  Siege Tank  
  86  8:37  Siege Tank  
  77  8:42  Hellion  
  77  8:47  SCV  
  77  8:48  SCV  
  78  8:49  Hellion  
  78  8:59  SCV  
  78  9:01  Supply Depot  
  78  9:02  Supply Depot  
  77  9:04  Supply Depot  
  77  9:05  Liberator x2  
  55  9:20  Supply Depot  
  55  9:22  SCV, Siege Tank  
  55  9:24  Hellion  
  54  9:25  Orbital Command  
  51  9:35  SCV  
  46  9:45  Hellion  
  47  9:47  SCV  
  47  9:59  SCV  
  47  10:11  SCV  
  47  10:13  SCV  
  48  10:18  Hellion  
  48  10:19  Medivac  
  52  10:24  SCV  
  52  10:26  SCV  
Show
View Real Time Build Order
Export as new Build Order

Lambo Zerg - Winner!

Build Orders: Pool First 

Get SALT Encoding   

  12  0:00  Drone  
  13  0:08  Drone  
  13  0:12  Extractor  
  13  0:15  Drone  
  14  0:31  Spawning Pool  
  13  0:36  Drone  
  14  0:43  Overlord  
  14  0:51  Extractor  
  14  0:52  Drone  
  15  1:03  Drone  
  16  1:18  Metabolic Boost  
  16  1:19  Zergling x6  
  19  1:34  Queen  
  19  1:37  Zergling x2  
  22  1:55  Hatchery  
  21  2:02  Overlord  
  21  2:04  Drone  
  22  2:19  Queen  
  24  2:24  Drone x3  
  26  2:36  Drone  
  27  2:43  Drone x2  
  29  2:44  Drone  
  29  2:54  Drone  
  29  3:07  Drone x2  
  29  3:10  Hatchery  
  29  3:12  Queen  
  30  3:18  Overlord  
  32  3:22  Drone  
  32  3:23  Drone  
  34  3:28  Drone  
  35  3:36  Drone x3  
  35  3:37  Drone x2  
  35  3:39  Overlord  
  40  3:42  Drone  
  40  3:44  Drone  
  43  3:55  Drone  
  43  3:57  Queen  
  43  3:58  Overlord  
  43  4:00  Drone x2  
  47  4:03  Queen  
  47  4:06  Drone  
  50  4:10  Zergling x2  
  51  4:18  Zergling x6  
  51  4:20  Spine Crawler  
  51  4:23  Queen  
  55  4:26  Zergling x2  
  55  4:27  Spine Crawler, Zergling x2  
  55  4:30  Zergling x4  
  58  4:47  Overlord  
  58  4:52  Drone  
  58  4:54  Overlord, Lair  
  58  4:57  Extractor  
  58  4:58  Queen, Extractor  
  58  5:00  Overlord  
  59  5:13  Drone x3  
  62  5:18  Drone x3  
  62  5:21  Drone x4  
  68  5:25  Drone x3  
  67  5:30  Drone x2  
  68  5:37  Drone x2  
  68  5:38  Drone x2  
  68  5:41  Spore Crawler, Drone  
  68  5:42  Drone  
  67  5:44  Drone  
  67  5:46  Spore Crawler  
  67  5:47  Spore Crawler  
  64  5:50  Extractor  
  64  5:52  Zergling x4  
  62  5:58  Queen  
  62  5:59  Drone  
  62  6:03  Hydralisk Den  
  63  6:07  Drone x3  
  63  6:09  Overseer  
  65  6:13  Drone x2  
  65  6:35  Overlord x2, Muscular Augments  
  65  6:36  Overlord, Hydralisk x4  
  65  6:38  Overseer  
  73  6:48  Spore Crawler, Overlord  
  73  6:49  Overlord  
  73  6:50  Drone x2  
  73  6:53  Hydralisk x4  
  82  6:55  Overlord  
  82  6:58  Hydralisk  
  84  7:03  Hydralisk x2  
  88  7:11  Hydralisk x2  
  88  7:12  Hydralisk  
  94  7:16  Hydralisk x3  
  94  7:22  Hydralisk  
  98  7:27  Hydralisk  
  100  7:31  Zergling x14  
  100  7:32  Overseer  
  100  7:36  Hydralisk  
  106  7:41  Hydralisk  
  110  7:45  Overlord  
  110  7:48  Zergling x2  
  110  7:49  Zergling x6  
  113  7:52  Grooved Spines  
  113  7:56  Hydralisk  
  113  7:57  Zergling x2  
  116  8:05  Zergling x6  
  116  8:06  Zergling x4  
  115  8:14  Hydralisk x4  
  115  8:19  Hydralisk  
  127  8:20  Zergling x6  
  127  8:27  Queen  
  128  8:31  Overlord  
  127  8:36  Hydralisk  
  127  8:40  Overlord  
  127  8:44  Overlord  
  127  8:48  Overlord  
  126  8:50  Zergling x2  
  126  8:51  Overlord  
  126  8:53  Overlord  
  125  8:55  Overlord  
  125  9:00  Hydralisk x3  
  112  9:23  Hydralisk x7  
  110  9:29  Zergling x8  
  94  9:33  Hydralisk  
  94  9:36  Drone x3  
  89  9:43  Drone  
  89  9:44  Drone x2  
  88  9:46  Hydralisk  
  86  9:53  Hydralisk x2  
  90  10:00  Hydralisk x2  
  90  10:04  Drone  
  95  10:08  Overseer  
  95  10:11  Hydralisk x2  
  95  10:13  Drone  
  100  10:17  Hatchery  
  100  10:20  Hydralisk x2  
  100  10:21  Evolution Chamber  
  102  10:26  Drone x2  
  102  10:27  Drone  
Tags
 
Add a new tag
Caveats
  • Supply blocks, unpowered buildings, or Contaminate may cause inaccurate times.
  • Supply counts are checked every 10 seconds.